 Dungeon Crawl Stone Soup version 0.30.1-11-g7821555f0a (webtiles) character file.

Game seed: 12372955154330577604

134 Martska the Trooper (level 4, -7/41 HPs)
             Began as a Minotaur Fighter on Dec 3, 2023.
             Mangled by Crazy Yiuf
             ... wielding a +2 quarterstaff of chaos
              (12 damage)
             ... on level 3 of the Dungeon.
             The game lasted 00:01:38 (2277 turns).

Martska the Trooper (Minotaur Fighter)              Turns: 2277, Time: 00:01:39

Health: -7/41      AC:  7    Str: 23    XL:     4   Next: 95%
Magic:  3/3        EV: 10    Int:  5    God:
Gold:   154        SH:  5    Dex: 15    Spells: 4/4 levels left

rFire   . . .        a - +0 war axe
rCold   . . .        c - +0 buckler
rNeg    . . .        b - +0 scale mail
rPois   .            (helmet restricted)
rElec   .            (no cloak)
rCorr   .            (no gloves)
SInv    .            (no boots)
Will    .....        (no amulet) Stlth
                     e - +6 ring of dexterity
HPRegen 0.26/turn    (no ring)
MPRegen 0.08/turn

%: no passive effects
@: lethally poisoned (-7 -> -16)
A: horns 2, retaliatory headbutt
a: no special abilities


You were on level 3 of the Dungeon.
You visited 1 branch of the dungeon, and saw 3 of its levels.

You collected 154 gold pieces.

Inventory:

Hand Weapons
 a - a +0 war axe (weapon)
Armour
 b - a +0 scale mail (worn)
 c - a +0 buckler (worn)
Jewellery
 e - a +6 ring of dexterity (left hand)
 j - a ring of resist corrosion
Wands
 q - a wand of flame (23)
 u - a wand of quicksilver (7)
Scrolls
 f - 3 scrolls of enchant armour {unknown}
 g - 4 scrolls of teleportation {unknown}
 i - 2 scrolls of fear {unknown}
 m - 3 scrolls of identify {unknown}
 n - a scroll of blinking {unknown}
 r - a scroll of poison {unknown}
 s - a scroll of amnesia {unknown}
 v - a scroll of magic mapping {unknown}
Potions
 d - 2 potions of might
 h - a potion of attraction {unknown}
 k - a potion of curing {unknown}
 l - 3 potions of flight {unknown}
 o - a potion of resistance {unknown}
 p - a potion of heal wounds {unknown}
 t - a potion of ambrosia {unknown}


   Skills:
 * Level 4.6 Fighting
 * Level 3.8 Axes
 + Level 4.2 Armour
 * Level 2.0 Dodging
 - Level 3.8 Shields
 + Level 0.6 Spellcasting


You had 4 spell levels left.
You didn't know any spells.
Your spell library contained the following spells:

 Spells                   Type           Power      Damage    Failure   Level
 Magic Dart               Conj           0%         1d3       83%         1
 Summon Small Mammal      Summ           0%         N/A       83%         1
 Blink                    Tloc           0%         N/A       93%         2
 Lesser Beckoning         Tloc           0%         N/A       93%         2
 Momentum Strike          Conj/Tloc      0%         3d8       93%         2
 Searing Ray              Conj           0%         2d4       93%         2
 Call Canine Familiar     Summ           0%         N/A       99%         3
 Summon Guardian Golem    Hex/Summ       0%         N/A       99%         3
 Fulminant Prism          Conj/Hex       0%         3d5       100%        4


Dungeon Overview and Level Annotations

Branches:
Dungeon (3/15)

Altars:

Annotations:
D:3 Crazy Yiuf


Innate Abilities, Weirdness & Mutations

You have a pair of horns on your head.
You reflexively headbutt those who attack you in melee.


Message History

No target in view!
No target in view!
Crazy Yiuf shouts!
You see here a +0 hammer.
You see here a +0 hammer.
You see here a +0 hammer.
You open the door.
There is an open door here.
You open the door.
There is an open door here.
You see here an adder corpse.
Found a long sword.
There is an open door here.
You see here a +0 hammer.
You see here a +0 hammer.
No reachable target in view!
You open the door. You slash Crazy Yiuf!
Crazy Yiuf is heavily wounded.
Crazy Yiuf laughs, "Powder!
Hack mobile fast."
Crazy Yiuf hits you with a +2 quarterstaff of chaos!
You are poisoned.
You block Crazy Yiuf's attack.
You hit Crazy Yiuf.
Crazy Yiuf is severely wounded.
You feel extremely sick.
Crazy Yiuf hits you with a +2 quarterstaff of chaos!
Crazy Yiuf freezes you.
You hit Crazy Yiuf but do no damage.
Crazy Yiuf is severely wounded.
* * * LOW HITPOINT WARNING * * *
You feel very sick. You block Crazy Yiuf's attack.
You closely miss Crazy Yiuf.
Crazy Yiuf is severely wounded.
* * * LOW HITPOINT WARNING * * *
You feel very sick. You block Crazy Yiuf's attack.
Crazy Yiuf hits you with a +2 quarterstaff of chaos!
You die...

#.. ########### #.#
#>........## #.#
#######....###.#
###...<... ##♣♣♣♣♣
#.####.# ###...♣)♣♣♣ ###
#.# #.# ##......♣).♣#...#
###.####.#
#......♣♣♣♣@g...#
#......... #..#..♣♣
♣♣#..)# ###....... #.###♣♣
### ########## #.# #.....#
# #.## #.....#### #..##
##### #......... ##..#
#'#'# ####...... ##.##
#.#.######......
#..########........'......


You could see Crazy Yiuf.

Vanquished Creatures
  Jessica (D:3)
  Ijyb (D:3)
  4 adders
  A worm (D:2)
  A dart slug (D:2)
  2 orcs (D:3)
  3 bats
  2 giant cockroaches
  4 goblins
  2 hobgoblins
  3 jackals (D:3)
  4 quokkas
  3 ball pythons
  2 frilled lizards
  6 kobolds
  5 rats
44 creatures vanquished.

Notes
Turn   | Place    | Note
-------+----------+-------------------------------------------
     0 | D:1      | Martska the Minotaur Fighter began the quest for the Orb.
     0 | D:1      | Reached XP level 1. HP: 19/19 MP: 0/0
   168 | D:1      | Reached XP level 2. HP: 24/27 MP: 1/1
   565 | D:2      | Reached XP level 3. HP: 30/33 MP: 2/2
   830 | D:2      | Reached skill level 1 in Dodging
  1390 | D:3      | Noticed Jessica
  1398 | D:3      | Killed Jessica
  1399 | D:3      | Reached XP level 4. HP: 12/40 MP: 3/3
  1842 | D:3      | Noticed Ijyb
  1852 | D:3      | Killed Ijyb
  2148 | D:3      | Found a runed translucent door.
  2149 | D:3      | Noticed Crazy Yiuf
  2277 | D:3      | Mangled by Crazy Yiuf

Illustrated notes

Levels and vault maps discovered:
D:1:      dpeg_arrival_castle, layout_rooms, chequers_garden, st_stairs_6
D:2:      layout_loops_cross
D:3:      layout_basic, grunt_ministairs_3, uniq_jessica, uniq_ijyb,
          uniq_crazy_yiuf_cottage

Skill      XL: |  1  2  3  4 |
---------------+-------------+-----
Fighting       | 4 |  4.6
Axes           | 3 |  3.8
Dodging        | 1 2 |  2.0
Armour         | 4 |  4.2
Shields        | |  3.8
Spellcasting   | |  0.6

Action                     |  1- 3 |  4- 6 || total
---------------------------+-------+-------++-------
  Melee: War axe           |    54 |    31 ||    85
         Headbutt          |     7 |     4 ||    11
 Armour: Scale mail        |    31 |    12 ||    43
  Dodge: Dodged            |    27 |     6 ||    33
  Block: Buckler           |    13 |    10 ||    23
